 Dungeon Crawl Stone Soup version 0.17.2-1-ge4368a0 (webtiles) character file.

235 tidbits the Insei (level 5, -4/39 HPs)
             Began as a Demigod Transmuter on Sept 21, 2017.
             Killed from afar by Blork the orc (6 damage)
             ... with a magic dart
             ... on level 4 of the Dungeon.
             The game lasted 00:07:04 (995 turns).

tidbits the Insei (Demigod Transmuter)               Turns: 995, Time: 00:07:04

Health: -4/39      AC:  2    Str: 13    XL:     5   Next: 47%
Magic:  9/11       EV: 20    Int: 19    God:
Gold:   114        SH:  0    Dex: 21    Spells: 3 memorised, 2 levels left

rFire  . . .     SeeInvis .       - Unarmed
rCold  . . .     Clarity  .     (armour currently unavailable)
rNeg   . . .     SustAt   +     (shield currently unavailable)
rPois  x         Gourm    .     (helmet currently unavailable)
rElec  .         Spirit   .     (cloak currently unavailable)
rCorr  .         Warding  .     (gloves currently unavailable)
rMut   .         Stasis   .     (boots currently unavailable)
MR     .....                    (no amulet)
Stlth  ++........               (no ring)
                                (no ring)

@: spider-form (expiring), not resistant to hostile enchantments, unstealthy
A: high mp 1, sustain attributes
a: End Transformation


You were on level 4 of the Dungeon.
You were not hungry.
You were a venomous arachnid creature.
You visited 1 branch of the dungeon, and saw 5 of its levels.
You also visited: Sewer.

You collected 114 gold pieces.

Inventory:

Hand Weapons
 r - a +0 blowgun
   (You took it off a kobold in a sewer)
 u - a +2 scimitar of slicing
   (You found it in a sewer)
Missiles
 a - 51 arrows
 h - 42 sling bullets
 m - 22 bolts
 s - 4 poisoned needles
Armour
 b - a +0 robe (melded)
 e - a +0 shield
   (You found it on level 2 of the Dungeon)
Scrolls
 j - a scroll of remove curse {unknown}
 n - a scroll of immolation {unknown}
 o - a scroll of recharging
 p - a scroll of enchant armour {unknown}
 t - 4 scrolls of teleportation
Potions
 k - 2 potions of resistance
Books
 c - a book of Changes

   Spells                             Type                      Level
   a - Beastly Appendage              Transmutation                1
   b - Sticks to Snakes               Transmutation                2
   c - Spider Form                    Transmutation/Poison         3
   d - Ice Form                       Ice/Transmutation            4
   e - Blade Hands                    Transmutation                5
Comestibles
 g - 3 meat rations
 i - a bread ration
 l - 2 fruits


   Skills:
 - Level 0.8 Fighting
 - Level 1.7 Dodging
 + Level 4.4 Unarmed Combat
 - Level 2.3 Spellcasting
 + Level 3.9 Transmutations


You had 2 spell levels left.
You knew the following spells:

 Your Spells              Type           Power        Failure   Level  Hunger
e - Beastly Appendage     Trmt           ###...       14%         1    #......
k - Sticks to Snakes      Trmt           ###.......   21%         2    ##.....
p - Spider Form           Trmt/Pois      #.........   41%         3    ###....


Dungeon Overview and Level Annotations

Branches:
Dungeon (5/15)
 Temple: D:4-7

Annotations:
D:4 Blork the orc


Innate Abilities, Weirdness & Mutations

You have an increased reservoir of magic (+10% MP).
Your attributes are resistant to harm.


Message History

You open the door.
There is an open door here.
There is an escape hatch in the ceiling here.
A hound comes into view.
The hound barks!
Casting: Spider Form
Confirm with . or Enter, or press ? or * to list all spells.
You turn into a venomous arachnid creature.
Your +0 robe melds into your body.
A giant gecko comes into view.
You barely miss the hound. The hound barely misses you.
You closely miss the hound. The hound misses you.
The hound completely misses you.
You barely miss the hound.
The hound stops to sniff the ground.
The hound bites you. The hound bites you.
You bite the hound!
The hound is moderately wounded.
The hound closely misses you.
You hit the hound.
The hound is poisoned.
The hound is heavily wounded.
The hound misses you. x2
You bite the hound!
You kill the hound!
You barely miss the giant gecko. The giant gecko closely misses you.
You hit the giant gecko.
The giant gecko is poisoned.
The giant gecko is moderately wounded.
The giant gecko misses you.
You bite the giant gecko!
You kill the giant gecko!
Your transformation is almost over.
Found 16 gold pieces.
Found a bread ration.
Found a potion of resistance.
Found a stone staircase leading down.
Found a scroll of identify.
You now have 114 gold pieces (gained 16).
Your transformation has ended.
Your +0 robe unmelds from your body.
i - a bread ration
k - 2 potions of resistance (gained 1) Autopickup is now off.
Autopickup is now on.
q - a scroll of identify Read which item? (? for menu, Esc to quit)
Identify which item? (\ to view known items) (? for menu, Esc to quit)
As you read the scroll of identify, it crumbles to dust.
d - 2 scrolls of random uselessness Drop what? 20/52 slots (_ for help) (? for menu, Esc to quit)
You drop 2 scrolls of random uselessness.
There is a stone staircase leading down here.
You climb downwards.
A ball python and Blork the orc come into view.
Blork the orc shouts!
Found 13 gold pieces, 18 stones and 6 arrows of frost.
There is a stone staircase leading up here.
Blork the orc hits you with a vampiric war axe.
You climb upwards.
There is a stone staircase leading down here.
Drink which item? (? for menu, Esc to quit)
Okay, then.
Read which item? (? for menu, Esc to quit)
Okay, then.
Casting: Spider Form
Confirm with . or Enter, or press ? or * to list all spells.
You turn into a venomous arachnid creature.
Your +0 robe melds into your body.
You hit Blork the orc.
Blork the orc is lightly wounded.
Blork the orc misses you.
You hit Blork the orc but do no damage.
Blork the orc is poisoned.
Blork the orc is lightly wounded.
Blork the orc hits you but does no damage.
You hit Blork the orc.
Blork the orc is moderately wounded.
You hit Blork the orc.
Blork the orc is heavily wounded.
Blork the orc hits you with a vampiric war axe!
Blork the orc draws strength from your injuries!
You barely miss Blork the orc.
Blork the orc is heavily wounded.
Blork the orc hits you with a vampiric war axe.
* * * LOW HITPOINT WARNING * * *
You closely miss Blork the orc.
Blork the orc is heavily wounded.
Blork the orc gestures at you while chanting.
The puff of frost misses you.
All of the chunks of flesh in your inventory have rotted away.
You hit Blork the orc.
Blork the orc looks even sicker.
Blork the orc is almost dead.
Blork the orc screams, "Die!"
Blork the orc hits you with a vampiric war axe!
* * * LOW HITPOINT WARNING * * *
Blork the orc draws strength from your injuries!
Drink which item? (? for menu, Esc to quit)
Okay, then.
Your transformation is almost over.
Blork the orc gestures at you while chanting.
The magic dart hits you!
You die...

##.#..###....
#.........#
##.##.#####
#####.##
##......##
##........##
#...>o.....#
#..........#
#....s.....#
#..........#
#....?.....#
##........##
#........##
#..........#
#..........#
#..........#
#..........#


You could see Blork the orc.

Vanquished Creatures
  Purgy (Sewer)
  A hound (D:4)
  A hound skeleton (D:3)
  An adder (D:4)
  A river rat (D:4)
  An ooze (D:1)
  A worm (D:4)
  3 giant geckos
  A giant cockroach (Sewer)
  3 goblins
  4 jackals
  3 kobolds
  A ball python (D:4)
  5 bats
  2 giant newts (D:3)
  4 rats
33 creatures vanquished.

Vanquished Creatures (collateral kills)
  The ghost of tidbits the Insei, a weakling DgTm (D:4)
  An adder (D:4)
  A worm (D:4)
  A rat (D:2)
4 creatures vanquished.

Grand Total: 37 creatures vanquished

Notes
Turn   | Place    | Note
--------------------------------------------------------------
     0 | D:1      | tidbits the Demigod Transmuter began the quest for the Orb.
     0 | D:1      | Reached XP level 1. HP: 15/15 MP: 5/5
   104 | D:2      | Reached skill level 2 in Transmutations
   137 | D:1      | Reached XP level 2. HP: 7/22 MP: 5/7
   141 | D:1      | Learned a level 2 spell: Sticks to Snakes
   181 | D:2      | Found a glowing golden altar of the Shining One.
   190 | D:2      | Found a white marble altar of Elyvilon.
   193 | D:2      | Found a shadowy altar of Dithmenos.
   194 | D:2      | Found a shattered altar of Ashenzari.
   195 | D:2      | Found a bloodstained altar of Trog.
   239 | D:1      | Reached skill level 2 in Spellcasting
   462 | D:3      | Reached skill level 3 in Unarmed Combat
   518 | D:3      | Reached XP level 3. HP: 18/27 MP: 7/9
   526 | D:3      | Learned a level 3 spell: Spider Form
   543 | D:4      | Found an opulent altar of Gozag.
   543 | D:4      | Noticed tidbits's ghost (weakling DgTm)
   559 | D:4      | Killed tidbits's ghost
   658 | D:4      | Reached XP level 4. HP: 11/34 MP: 0/10
   664 | D:4      | Reached skill level 3 in Transmutations
   683 | D:4      | Found a glowing drain.
   744 | Sewer    | Entered a sewer
   763 | Sewer    | Noticed Purgy
   772 | Sewer    | Killed Purgy
   772 | Sewer    | Reached skill level 4 in Unarmed Combat
   772 | Sewer    | Reached XP level 5. HP: 12/39 MP: 0/11
   983 | D:5      | Entered Level 5 of the Dungeon
   983 | D:5      | Noticed Blork the orc
   993 | D:4      | HP: 2/39 [Blork the orc/vampiric war axe (12)]
   995 | D:4      | Killed from afar by Blork the orc

Action                   |  1- 3 |  4- 6 || total
-------------------------+-------+-------++-------
Melee: Unarmed           |    75 |    34 ||   109
 Cast: Beastly Appendage |    11 |       ||    11
       Sticks to Snakes  |     4 |     1 ||     5
       Spider Form       |     3 |     4 ||     7
  Use: Scroll            |     3 |     3 ||     6
       Potion            |     2 |     1 ||     3
 Stab: Sleeping          |     2 |     3 ||     5
  Eat: Bread ration      |       |     1 ||     1

Table legend:
 A = Turns spent in this place as a percentage of turns spent in the entire game.
 B = Non-inter-level travel turns spent in this place as a percentage of non-inter-level travel turns spent in the entire game.
 C = Inter-level travel turns spent in this place as a percentage of turns spent in this place.
 D = Turns resting spent in this place as a percentage of non-inter-level travel turns spent in this place.
 E = Turns spent auto-exploring this place as a percentage of non-inter-level travel turns spent in this place.
 F = Non-inter-level travel turns spent in this place divided by the number of levels of this place that you've seen.
                   A       B       C       D       E      F
               +-------+-------+-------+-------+-------+----------------------
         Total | 100.0 | 100.0 |   0.0 |   0.0 |   0.0 | 147.7
       Dungeon |  82.8 |  82.8 |   0.0 |   0.0 |   0.0 | 146.8
         Sewer |  17.2 |  17.2 |   0.0 |   0.0 |   0.0 | 152.0
               +-------+-------+-------+-------+-------+----------------------

Table legend:
 A = Kills in this place as a percentage of kills in entire the game.
 B = Kills by you in this place as a percentage of kills by you in the entire game.
 C = Kills by friends in this place as a percentage of kills by friends in the entire game.
 D = Other kills in this place as a percentage of other kills in the entire game.
 E = Experience gained in this place as a percentage of experience gained in the entire game.
 F = Experience gained in this place divided by the number of levels of this place that you have seen.
                   A       B       C       D       E      F
               +-------+-------+-------+-------+-------+----------------------
         Total | 100.0 | 100.0 | 100.0 |  -nan | 100.0 |  56.2
       Dungeon |  83.8 |  81.8 | 100.0 |  -nan |  58.8 |  39.6
         Sewer |  16.2 |  18.2 |   0.0 |  -nan |  41.2 | 139.0
               +-------+-------+-------+-------+-------+----------------------

Vault maps used:
D:1:      saegor_arrival_simple_a, hex_tiny
D:2:      minitemple
D:3:      grunt_ministairs_7
D:4:      nicolae_gozag_cash_rules_everything_around_me, serial_shops,
          nicolae_shop_trees, gup_sewer_entry_bowl
D:5:      first_bread, minmay_misc_feat_roman, uniq_pikel, uniq_blork_the_orc
Sewer:    kennysheep_door_sewer
